 Dungeon Sprint DCSS version 0.29-a0-857-g9b1aa3ac5b (webtiles) character file.

Game seed: 12832359681701145167

82527 manyhoops the Heavyweight Champion (level 15, -1/297 HPs)
             Began as a Troll Berserker on July 17, 2022.
             Was the Champion of Trog.
             Slain by the 24-headed Lernaean hydra (8 damage)
             ... in the Dungeon (Sprint II: "The Violet Keep of Menkaure").
             The game lasted 00:18:58 (1953 turns).

manyhoops the Heavyweight Champion (TrBe)           Turns: 1953, Time: 00:18:59

Health: -1/297     AC: 12    Str: 49    XL:     15   Next: 29%
Magic:  14/14      EV: 12    Int:  2    God:    Trog [******]
Gold:   5770       SH:  0    Dex: 17    Spells: 14/14 levels left

rFire   + . .      SeeInvis .   g - +6 scimitar (flame)
rCold   . . .      Faith    .   (no shield)
rNeg    + . .      Spirit   .   v - +2 troll leather armour
rPois   +          Reflect  .   k - +1 hat
rElec   .          Harm     .   h - +2 cloak
rCorr   +          Rampage  .   (gloves unavailable)
Will    +....      Clarity  +   (boots unavailable)
Stlth   .......... NoTele   +   M - amulet of Ciggel {rC- Regen+ Str+4 Dex+5}
HPRegen 2.99/turn               j - ring "Nuczupra" {rF+ rC+ rN+ Dex+2}
MPRegen 0.14/turn               z - ring of Linearity {rPois rCorr Str+6 Stlth+}

@: berserking, very quick
A: large, unfitting armour, claws 3, regeneration 1, shaggy fur 1, tough skin 1,
thin skeletal structure 1, clarity, poison resistance, strong 1
a: Renounce Religion, Berserk, Trog's Hand, Brothers in Arms


You were in the Dungeon.
You worshipped Trog.
Trog was exalted by your worship.
You visited 1 branch You collected 9593 gold pieces.
You spent 3823 gold pieces at shops.

Inventory:

Hand Weapons
 g - a +6 scimitar of flaming (weapon)
Armour
 a - a +0 animal skin
 c - quicksilver dragon scales
 d - the +2 robe "Paaf" {Int+4}
   (You bought it in a shop in the Dungeon)

   Int:       It affects your intelligence (+4).
 h - a +2 cloak (worn)
 k - a +1 hat (worn)
 v - a +2 troll leather armour (worn)
 Q - +2 gold dragon scales
Jewellery
 j - the ring "Nuczupra" (left claw) {rF+ rC+ rN+ Dex+2}
   (You bought it in a shop in the Dungeon)

   [ring of positive energy]

   Dex:       It affects your dexterity (+2).
   rF:        It protects you from fire.
   rC:        It protects you from cold.
   rN:        It protects you from negative energy.
 w - a ring of magical power
 x - a ring of willpower
 y - a ring of flight
 z - the ring of Linearity (right claw) {rPois rCorr Str+6 Stlth+}
   (You found it in the Dungeon)

   [ring of strength]

   Str:       It affects your strength (+6).
   rPois:     It protects you from poison.
   rCorr:     It protects you from acid and corrosion.
   Stlth:     It makes you more stealthy.
 A - an amulet of magic regeneration
 B - the ring "Ocveqirph" {rPois EV+4}
   (You found it in the Dungeon)

   [ring of evasion]

   EV:        It affects your evasion (+4).
   rPois:     It protects you from poison.
 C - an amulet of guardian spirit
 D - an amulet of faith
 H - the ring "Zotsid" {Fly Will+ Dex+4}
   (You found it in the Dungeon)

   [ring of flight]

   Dex:       It affects your dexterity (+4).
   Fly:       It grants you flight.
   Will:      It increases your willpower.
 K - a +4 ring of evasion
 L - the ring "Dietibbu" {Fire Drain rElec Str+3}
   (You found it in the Dungeon)

   [ring of fire]

   It enhances your fire magic.
   Str:       It affects your strength (+3).
   rF:        It protects you from fire.
   rC:        It makes you vulnerable to cold.
   rElec:     It insulates you from electricity.
   Drain:     It drains your maximum health when unequipped.
 M - the amulet of Ciggel (around neck) {rC- Regen+ Str+4 Dex+5}
   (You acquired it in the Dungeon)

   [amulet of regeneration]

   Str:       It affects your strength (+4).
   Dex:       It affects your dexterity (+5).
   rC:        It makes you vulnerable to cold.
   Regen:     It increases your rate of health regeneration.
 N - the amulet "Eczeujap" {rC+ Regen+ MP+9 Dex+2}
   (You acquired it in the Dungeon)

   [amulet of regeneration]

   Dex:       It affects your dexterity (+2).
   rC:        It protects you from cold.
   MP:        It affects your magic capacity (+9).
   Regen:     It increases your rate of health regeneration.
 V - an amulet of the acrobat
Wands
 S - a wand of roots (10)
 T - a wand of charming (13)
Scrolls
 m - 3 scrolls of acquirement
 q - a scroll of vulnerability
 r - a scroll of amnesia
 s - 2 scrolls of torment
 F - a scroll of fear
 G - 2 scrolls of poison {unknown}
 J - 2 scrolls of identify
 O - a scroll of enchant armour
 R - 2 scrolls of silence
 U - a scroll of fog {unknown}
Potions
 b - 10 potions of curing
 e - 14 potions of magic
 f - a potion of berserk rage
 i - 4 potions of flight
 l - 2 potions of cancellation
 n - 5 potions of resistance
 o - a potion of degeneration
 p - 22 potions of mutation
 t - 2 potions of ambrosia
 u - 4 potions of might
 E - 2 potions of attraction
 I - a potion of brilliance {unknown}
 P - 4 potions of heal wounds


   Skills:
 - Level 24.5 Fighting
 + Level 5.1 Dodging
 O Level 27 Unarmed Combat


You had 14 spell levels left.
You didn't know any spells.
Your spell library was empty.

Dungeon Overview and Level Annotations

Branches:
Dungeon (1/1)

Altars:
Cheibriados
Dithmenos
Elyvilon
Fedhas
Gozag
Hepliaklqana
Kikubaaqudgha
Makhleb
Nemelex Xobeh
Okawaru
Qazlal
Ru
Sif Muna
Trog
Uskayaw
Vehumet
Wu Jian
Xom
Yredelemnul
Zin
The Shining One
Jiyva
Lugonu

Shops:
D ??[=:!([*(:(:===*(***=![?[!*!:([?

Annotations:
D Lernaean hydra


Innate Abilities, Weirdness & Mutations

You are too large for most types of armour.
You have claws for hands.
Your natural rate of healing is unusually fast.
You are covered in fur. (AC +1)
You have tough skin. (AC +1)
You have a somewhat thin skeletal structure. (Dex +2, Stealth+)
You possess an exceptional clarity of mind.
Your system is resistant to poisons. (rPois)
Your muscles are strong. (Str +4, Int/Dex -1)


Message History

The 25-headed Lernaean hydra bites you but does no damage.
The 25-headed Lernaean hydra bites you!
* * * LOW HITPOINT WARNING * * *
The 25-headed Lernaean hydra bites you.
* * * LOW HITPOINT WARNING * * *
The 25-headed Lernaean hydra bites you but does no damage.
The 25-headed Lernaean hydra bites you.
* * * LOW HITPOINT WARNING * * *
The 25-headed Lernaean hydra bites you but does no damage. x2
The 25-headed Lernaean hydra misses you.
The 25-headed Lernaean hydra bites you.
* * * LOW HITPOINT WARNING * * *
The 25-headed Lernaean hydra closely misses you.
You chop one of the 25-headed Lernaean hydra's heads off!
The flame cauterises the wound!
You slash the 24-headed Lernaean hydra! You burn the 24-headed Lernaean hydra.
The 24-headed Lernaean hydra is almost dead.
The 24-headed Lernaean hydra bites you.
* * * LOW HITPOINT WARNING * * *
The 24-headed Lernaean hydra bites you.
* * * LOW HITPOINT WARNING * * *
The 24-headed Lernaean hydra bites you but does no damage. x3
The 24-headed Lernaean hydra bites you.
* * * LOW HITPOINT WARNING * * *
The 24-headed Lernaean hydra bites you.
* * * LOW HITPOINT WARNING * * *
The 24-headed Lernaean hydra barely misses you.
The 24-headed Lernaean hydra bites you but does no damage. x2
The 24-headed Lernaean hydra barely misses you.
The 24-headed Lernaean hydra bites you but does no damage.
The 24-headed Lernaean hydra bites you!
* * * LOW HITPOINT WARNING * * *
The 24-headed Lernaean hydra bites you but does no damage.
The 24-headed Lernaean hydra bites you.
* * * LOW HITPOINT WARNING * * *
The 24-headed Lernaean hydra bites you but does no damage. x2
The 24-headed Lernaean hydra bites you.
* * * LOW HITPOINT WARNING * * *
The 24-headed Lernaean hydra bites you!
You die...

#.).#..'^##≈≈≈#..#.
#∩.[)..#+##'#≈##.#.
#.[.#[##.##.#≈≈##+#
#...###...####≈≈§≈≈
##'###...°.# #'§'#'
#.)|##.....###§§≈§≈
##+###...○.##≈≈§≈§§
#.C.#+.....'≈≈≈≈§§§
##@###.°...##§§≈≈§≈
#$D$##..°○.###§≈≈≈§
##+###○.°○○#∩####+#
##.○○##....###
##.##∩.......
###########.
)).)oooo#.
##########.
.^....^.^.^


You could see the 24-headed Lernaean hydra (ally target) and a friendly cyclops
(summoned, berserk).

Vanquished Creatures
  A golden dragon (D)
  A hellephant (D)
  A quicksilver dragon (D)
  A deep elf blademaster (D)
  Murray (D)
  2 sphinxes (D)
  A deep elf master archer (D)
  A kraken (D)
  Roxanne (D)
  A storm dragon (D)
  Gastronok (D)
  Kirke (D)
  A draconian knight (D)
  A draconian shifter (D)
  2 lorocyprocas (D)
  A dire elephant (D)
  A crystal guardian (D)
  A fire dragon (D)
  A yaktaur captain (D)
  A great orb of eyes (D)
  An ice dragon (D)
  2 boulder beetles (D)
  A centaur warrior (D)
  An iron elemental (D)
  A death yak (D)
  2 hell hogs (D)
  A slime creature (D)
  Sonja (D)
  A skeletal warrior (D)
  3 sixfirhies (D)
  2 death drakes (D)
  2 deep trolls (D)
  A glowing orange brain (D)
  An obsidian statue (D)
  A harpy (D)
  3 orc sorcerers (D)
  11 shining eyes (D)
  An oklob plant (D)
  2 toenail golems (D)
  An elephant (D)
  An ice statue (D)
  An eye of devastation (D)
  2 cane toads (D)
  A kobold demonologist (D)
  2 unseen horrors (D)
  A yaktaur (D)
  A blink frog (D)
  A hornet (D)
  4 polar bears (D)
  18 flying skulls (D)
  3 yaks (D)
  7 wyverns (D)
  4 neqoxecs (D)
  Menkaure (D)
  2 redbacks (D)
  7 water moccasins (D)
  4 floating eyes (D)
  2 swamp drakes (D)
  A necrophage (D)
  9 electric eels (D)
  A jelly (D)
  An iron imp (D)
  3 worms (D)
  A spectral bat (D)
  A spectral giant cockroach (D)
  A ballistomycete spore (D)
141 creatures vanquished.

Vanquished Creatures (collateral kills)
  2 quicksilver dragons (D)
  A lorocyproca (D)
  4 shining eyes (D)
  6 floating eyes (D)
13 creatures vanquished.

Vanquished Creatures (others)
  A polar bear (D)
  A ballistomycete spore (D)
  16 tentacles (D)
18 creatures vanquished.

Grand Total: 172 creatures vanquished

Notes
Turn   | Place    | Note
-------+----------+-------------------------------------------
     0 | D        | manyhoops the Troll Berserker began the quest for the Orb.
     0 | D        | Reached XP level 1. HP: 22/22 MP: 0/0
     1 | D        | Noticed a neqoxec
     1 | D        | Noticed a neqoxec
     1 | D        | Noticed a neqoxec
     1 | D        | Noticed a neqoxec
     1 | D        | Gained mutation: Your body sometimes deteriorates upon
                  | taking damage. [a neqoxec]
     8 | D        | Killed a neqoxec
     9 | D        | Reached skill level 7 in Unarmed Combat
     9 | D        | Reached XP level 2. HP: 36/36 MP: 1/1
     9 | D        | Reached XP level 3. HP: 44/44 MP: 2/2
     9 | D        | Reached XP level 4. HP: 52/52 MP: 3/3
    10 | D        | Gained mutation: You are clumsy. (Dex -2) [a neqoxec]
    11 | D        | Killed a neqoxec
    12 | D        | Reached skill level 9 in Unarmed Combat
    12 | D        | Reached XP level 5. HP: 62/62 MP: 4/4
    12 | D        | Reached XP level 6. HP: 71/71 MP: 5/5
    14 | D        | Killed a neqoxec
    14 | D        | Reached ** piety under Trog
    15 | D        | Reached skill level 10 in Unarmed Combat
    18 | D        | Killed a neqoxec
    19 | D        | Reached skill level 11 in Unarmed Combat
    37 | D        | Noticed a wyvern
    37 | D        | Noticed a wyvern
    39 | D        | Killed a wyvern
    40 | D        | Reached skill level 12 in Unarmed Combat
    40 | D        | Reached XP level 7. HP: 39/83 MP: 6/6
    40 | D        | Killed a wyvern
    40 | D        | Reached *** piety under Trog
    41 | D        | Reached skill level 10 in Fighting
    76 | D        | Noticed a boulder beetle
    76 | D        | Noticed a boulder beetle
    84 | D        | Killed a boulder beetle
    85 | D        | Reached skill level 14 in Unarmed Combat
    85 | D        | Reached XP level 8. HP: 36/97 MP: 7/7
    88 | D        | Killed a boulder beetle
    88 | D        | Reached **** piety under Trog
    89 | D        | Reached skill level 15 in Unarmed Combat
    89 | D        | Reached XP level 9. HP: 40/106 MP: 8/8
    99 | D        | Found Pautuc's Magic Scroll Shoppe.
    99 | D        | Found Ipheeth's Antique Armour Shoppe.
    99 | D        | Found Ecriulis's Distillery.
    99 | D        | Found Goehof's Antique Armour Emporium.
    99 | D        | Found Ruixer's General Store.
   100 | D        | Found Emisumpi's General Store.
   100 | D        | Found Xaxzioze's Jewellery Emporium.
   102 | D        | Found Tijuta's Book Shoppe.
   102 | D        | Found Raevezed's Antique Weapon Emporium.
   103 | D        | Found Tosew's Distillery.
   103 | D        | Noticed an ice dragon
   104 | D        | Found Mucoc's General Store.
   104 | D        | Found Pidwycot's Armour Emporium.
   104 | D        | Noticed Menkaure
   104 | D        | Noticed an oklob plant
   104 | D        | Noticed a polar bear
   104 | D        | Noticed a polar bear
   105 | D        | Found Geox's Antique Armour Emporium.
   105 | D        | Found Effaqoru's Jewellery Shoppe.
   105 | D        | Found Jusolo's Book Shoppe.
   110 | D        | Killed Menkaure
   116 | D        | Bought an opalescent robe for 159 gold pieces
   116 | D        | Identified the +2 robe "Paaf" {Int+4} (You bought it in a
                  | shop in the Dungeon)
   116 | D        | Bought a cloak for 126 gold pieces
   133 | D        | Bought a potion of flight for 36 gold pieces
   134 | D        | Bought the ring "Nuczupra" {rF+ rC+ rN+ Dex+2} for 542 gold
                  | pieces
   141 | D        | Bought 2 potions of curing for 78 gold pieces
   181 | D        | Found a glowing golden altar of the Shining One.
   181 | D        | Found an ornate altar of the Wu Jian Council.
   181 | D        | Found a stormy altar of Qazlal.
   183 | D        | Found a shimmering altar of Xom.
   183 | D        | Found a sacrificial altar of Ru.
   183 | D        | Found a hazy altar of Hepliaklqana.
   184 | D        | Found a basalt altar of Yredelemnul.
   184 | D        | Found a shimmering blue altar of Sif Muna.
   184 | D        | Found a viscous altar of Jiyva.
   185 | D        | Found a glowing silver altar of Zin.
   185 | D        | Found a bloodstained altar of Trog.
   185 | D        | Found an ancient bone altar of Kikubaaqudgha.
   185 | D        | Found a snail-covered altar of Cheibriados.
   186 | D        | Found a hide-covered altar of Uskayaw.
   186 | D        | Found a corrupted altar of Lugonu.
   186 | D        | Found a shadowy altar of Dithmenos.
   189 | D        | Found a radiant altar of Vehumet.
   189 | D        | Found a burning altar of Makhleb.
   189 | D        | Found a white marble altar of Elyvilon.
   190 | D        | Found a sparkling altar of Nemelex Xobeh.
   190 | D        | Found a blossoming altar of Fedhas.
   191 | D        | Found an iron altar of Okawaru.
   191 | D        | Found an opulent altar of Gozag.
   199 | D        | Noticed a kraken
   205 | D        | Reached ***** piety under Trog
   206 | D        | Reached skill level 16 in Unarmed Combat
   372 | D        | Noticed a deep troll
   372 | D        | Noticed a deep troll
   375 | D        | Killed a deep troll
   376 | D        | Reached skill level 17 in Unarmed Combat
   378 | D        | Killed a deep troll
   420 | D        | Noticed a sphinx
   420 | D        | Noticed a sphinx
   428 | D        | Killed a sphinx
   429 | D        | Reached skill level 18 in Unarmed Combat
   429 | D        | Reached XP level 10. HP: 119/119 MP: 9/9
   432 | D        | Paralysed by a sphinx for 2 turns
   435 | D        | Killed a sphinx
   436 | D        | Reached skill level 19 in Unarmed Combat
   475 | D        | Noticed an ice statue
   480 | D        | Noticed a sixfirhy
   485 | D        | Noticed a sixfirhy
   491 | D        | Killed an ice statue
   492 | D        | Noticed a sixfirhy
   500 | D        | Found Mesavune's Book Shoppe.
   501 | D        | Found Wimparye's Distillery.
   503 | D        | Identified the +11 mace of Due Proportion {venom, Int+2}
   509 | D        | Bought a potion of might for 56 gold pieces
   509 | D        | Bought a potion of resistance for 140 gold pieces
   528 | D        | Killed a sixfirhy
   528 | D        | Reached ****** piety under Trog
   529 | D        | Reached skill level 20 in Unarmed Combat
   530 | D        | Killed a sixfirhy
   530 | D        | Received a gift from Trog
   532 | D        | Killed a sixfirhy
   533 | D        | Reached XP level 11. HP: 123/130 MP: 10/10
   581 | D        | Noticed Gastronok
   587 | D        | Killed Gastronok
   588 | D        | Reached skill level 21 in Unarmed Combat
   597 | D        | Noticed a dire elephant
   597 | D        | Noticed an orc sorcerer
   597 | D        | Noticed an orc sorcerer
   597 | D        | Noticed an orc sorcerer
   603 | D        | Killed a dire elephant
   609 | D        | Killed an orc sorcerer
   613 | D        | Killed an orc sorcerer
   613 | D        | Identified the +9 glaive of the Scorpion {flame, rElec rF+
                  | Will+ Int-5 Dex+5} (Trog gifted it to you in the Dungeon)
   613 | D        | Received a gift from Trog
   614 | D        | Reached skill level 22 in Unarmed Combat
   617 | D        | Killed an orc sorcerer
   621 | D        | Found the +8 frozen axe "Frostbite" {freezing cloud, *Noise
                  | Fly rC+}
   643 | D        | Identified the +4 war axe of the Slashing Seeker {holy,
                  | rC+}
   645 | D        | Identified the ring of Linearity {rPois rCorr Str+6 Stlth+}
   658 | D        | Identified the ring "Ocveqirph" {rPois EV+4}
   681 | D        | Noticed Roxanne
   699 | D        | Killed Roxanne
   710 | D        | Identified a scroll of acquirement
   710 | D        | Acquired 1216 gold pieces
   723 | D        | Reached skill level 23 in Unarmed Combat
   731 | D        | Noticed a harpy
   732 | D        | Noticed a deep elf blademaster
   743 | D        | Killed a harpy
   757 | D        | Killed a deep elf blademaster
   762 | D        | Reached skill level 15 in Fighting
   769 | D        | Received a gift from Trog
   770 | D        | Reached skill level 24 in Unarmed Combat
   846 | D        | Noticed a shining eye
   846 | D        | Noticed a shining eye
   846 | D        | Noticed a shining eye
   846 | D        | Noticed a shining eye
   846 | D        | Noticed a shining eye
   846 | D        | Noticed a shining eye
   846 | D        | Noticed a shining eye
   846 | D        | Noticed a shining eye
   846 | D        | Noticed a shining eye
   846 | D        | Noticed a shining eye
   846 | D        | Noticed a shining eye
   846 | D        | Noticed a shining eye
   846 | D        | Gained mutation: Armour fits poorly on your strangely
                  | shaped body. [a shining eye]
   846 | D        | Gained mutation: You sometimes lose your temper in combat.
                  | [a shining eye]
   846 | D        | Gained mutation: You are dopey. (Int -2) [a shining eye]
   848 | D        | Killed a shining eye
   849 | D        | Gained mutation: You occasionally lose the ability to drink
                  | potions when taking damage. [a shining eye]
   849 | D        | Paralysed by a floating eye for 3 turns
   850 | D        | Killed a shining eye
   851 | D        | Reached XP level 12. HP: 141/141 MP: 11/11
   851 | D        | Gained mutation: Your magical capacity is low. (-10% MP) [a
                  | shining eye]
   853 | D        | Lost mutation: Your body sometimes deteriorates upon taking
                  | damage. [a shining eye]
   855 | D        | Received a gift from Trog
   856 | D        | Gained mutation: You occasionally lose the ability to read
                  | scrolls when taking damage. [a shining eye]
   858 | D        | Reached skill level 25 in Unarmed Combat
   864 | D        | Received a gift from Trog
   869 | D        | Received a gift from Trog
   897 | D        | Identified the ring "Zotsid" {Fly Will+ Dex+4}
   908 | D        | Lost mutation: You are clumsy. (Dex -2) [potion of
                  | mutation]
   908 | D        | Lost mutation: You occasionally lose the ability to drink
                  | potions when taking damage. [potion of mutation]
   908 | D        | Lost mutation: You occasionally lose the ability to read
                  | scrolls when taking damage. [potion of mutation]
   908 | D        | Gained mutation: Your magical capacity is very low. (-20%
                  | MP) [potion of mutation]
   908 | D        | Gained mutation: You have a beak for a mouth. [potion of
                  | mutation]
   909 | D        | Lost mutation: You are dopey. (Int -2) [potion of mutation]
   909 | D        | Lost mutation: Your magical capacity is very low. (-20% MP)
                  | [potion of mutation]
   909 | D        | Gained mutation: You have a pair of small antennae on your
                  | head. [potion of mutation]
   909 | D        | Gained mutation: Your spells are a little harder to cast,
                  | but a little more powerful. [potion of mutation]
   910 | D        | Lost mutation: You have a pair of small antennae on your
                  | head. [potion of mutation]
   910 | D        | Lost mutation: Your spells are a little harder to cast, but
                  | a little more powerful. [potion of mutation]
   910 | D        | Lost mutation: Armour fits poorly on your strangely shaped
                  | body. [potion of mutation]
   910 | D        | Gained mutation: You occasionally lose the ability to drink
                  | potions when taking damage. [potion of mutation]
   910 | D        | Gained mutation: You are agile. (Dex +4, Str/Int -1)
                  | [potion of mutation]
   910 | D        | Gained mutation: You are somewhat resistant to further
                  | mutation. [potion of mutation]
   911 | D        | Lost mutation: You occasionally lose the ability to drink
                  | potions when taking damage. [potion of mutation]
   911 | D        | Lost mutation: You sometimes lose your temper in combat.
                  | [potion of mutation]
   911 | D        | Gained mutation: You are partially covered in iridescent
                  | scales. (AC +2) [potion of mutation]
   912 | D        | Lost mutation: You are somewhat resistant to further
                  | mutation. [potion of mutation]
   912 | D        | Lost mutation: You have a beak for a mouth. [potion of
                  | mutation]
   912 | D        | Lost intelligence.
   912 | D        | Gained mutation: You are dopey. (Int -2) [potion of
                  | mutation]
   915 | D        | Lost mutation: You are agile. (Dex +4, Str/Int -1) [potion
                  | of mutation]
   915 | D        | Lost mutation: You are dopey. (Int -2) [potion of mutation]
   915 | D        | Lost mutation: Your magical capacity is low. (-10% MP)
                  | [potion of mutation]
   915 | D        | Gained mutation: Your spells are a little harder to cast,
                  | but a little more powerful. [potion of mutation]
   915 | D        | Gained mutation: You have a pair of small antennae on your
                  | head. [potion of mutation]
   915 | D        | Gained mutation: You expend magic power (3 MP) to
                  | strengthen your wands. [potion of mutation]
   916 | D        | Lost mutation: You expend magic power (3 MP) to strengthen
                  | your wands. [potion of mutation]
   916 | D        | Lost mutation: Your spells are a little harder to cast, but
                  | a little more powerful. [potion of mutation]
   916 | D        | Lost mutation: You have a pair of small antennae on your
                  | head. [potion of mutation]
   917 | D        | Lost mutation: You are partially covered in iridescent
                  | scales. (AC +2) [potion of mutation]
   917 | D        | Gained mutation: Your muscles are strong. (Str +4, Int/Dex
                  | -1) [potion of mutation]
   917 | D        | Gained mutation: You have hidden genetic potential. [potion
                  | of mutation]
   917 | D        | Gained mutation: Your system is resistant to poisons.
                  | (rPois) [potion of mutation]
   920 | D        | Noticed a quicksilver dragon
   930 | D        | Killed a quicksilver dragon
   930 | D        | Killed a lorocyproca
   931 | D        | Reached skill level 26 in Unarmed Combat
   931 | D        | Noticed a quicksilver dragon
   934 | D        | Killed a quicksilver dragon
   941 | D        | Killed a lorocyproca
   942 | D        | Reached skill level 27 in Unarmed Combat
  1017 | D        | Noticed a quicksilver dragon
  1022 | D        | Killed a quicksilver dragon
  1037 | D        | Killed a lorocyproca
  1101 | D        | Noticed Murray
  1111 | D        | Killed Murray
  1112 | D        | Reached XP level 13. HP: 96/156 MP: 6/12
  1176 | D        | Noticed a purple draconian shifter
  1178 | D        | Noticed a hellephant
  1178 | D        | Noticed Sonja
  1184 | D        | Killed a hellephant
  1184 | D        | Received a gift from Trog
  1196 | D        | Killed a purple draconian shifter
  1198 | D        | Killed Sonja
  1255 | D        | Killed a kraken
  1277 | D        | Received a gift from Trog
  1288 | D        | Gained mutation: You have a somewhat thin skeletal
                  | structure. (Dex +2, Stealth+) [hidden potential]
  1302 | D        | Noticed a crystal guardian
  1307 | D        | Killed a crystal guardian
  1307 | D        | Received a gift from Trog
  1369 | D        | Noticed a deep elf master archer
  1382 | D        | Killed a deep elf master archer
  1414 | D        | Received a gift from Trog
  1435 | D        | Received a gift from Trog
  1464 | D        | Identified the ring "Dietibbu" {Fire Drain rElec Str+3}
  1473 | D        | Acquired the amulet of Ciggel {rC- Regen+ Str+4 Dex+5}
  1485 | D        | Acquired the amulet "Eczeujap" {rC+ Regen+ MP+9 Dex+2}
  1487 | D        | Acquired 1124 gold pieces
  1489 | D        | Acquired 1127 gold pieces
  1567 | D        | Received a gift from Trog
  1590 | D        | Noticed Kirke
  1618 | D        | Killed Kirke
  1618 | D        | Received a gift from Trog
  1660 | D        | Reached XP level 14. HP: 146/183 MP: 13/13
  1680 | D        | Received a gift from Trog
  1721 | D        | Found Orifun's Magic Scroll Emporium.
  1721 | D        | Found Ruliv's Distillery.
  1721 | D        | Found Yntug's Magic Scroll Shop.
  1721 | D        | Found Sirchof's Antique Weapon Shoppe.
  1721 | D        | Found Ziuroa's Book Boutique.
  1722 | D        | Found Socilem's Weapon Shoppe.
  1722 | D        | Found Qifroqe's Jewellery Boutique.
  1722 | D        | Found Poomat's Weapon Emporium.
  1722 | D        | Found Bihulyorha's General Store.
  1722 | D        | Found Culougen's Jewellery Emporium.
  1722 | D        | Found Qoimonke's General Store.
  1722 | D        | Found Ohuo's Jewellery Shoppe.
  1724 | D        | Bought a scroll of acquirement for 572 gold pieces
  1724 | D        | Bought a scroll of enchant armour for 82 gold pieces
  1724 | D        | Acquired 821 gold pieces
  1727 | D        | Bought 2 scrolls of identify for 40 gold pieces
  1728 | D        | Bought a potion of curing for 30 gold pieces
  1728 | D        | Bought a potion of heal wounds for 50 gold pieces
  1737 | D        | Bought a potion of curing for 30 gold pieces
  1764 | D        | Found Amoip's Magic Scroll Boutique.
  1764 | D        | Found Wuyxuy's Armour Shoppe.
  1764 | D        | Found Lytor's Antique Weapon Shop.
  1764 | D        | Found Haucifom's Assorted Antiques.
  1764 | D        | Noticed a storm dragon
  1770 | D        | Killed a storm dragon
  1773 | D        | Bought a potion of heal wounds for 110 gold pieces
  1776 | D        | Bought +2 gold dragon scales for 1012 gold pieces
  1777 | D        | Bought a scroll of identify for 20 gold pieces
  1777 | D        | Bought a scroll of identify for 20 gold pieces
  1777 | D        | Bought a scroll of identify for 20 gold pieces
  1780 | D        | Reached XP level 15. HP: 196/196 MP: 14/14
  1783 | D        | Noticed a golden dragon
  1786 | D        | Killed a golden dragon
  1798 | D        | Gained mutation: You possess an exceptional clarity of
                  | mind. [hidden potential]
  1798 | D        | Lost mutation: You have hidden genetic potential. [hidden
                  | potential expressed]
  1810 | D        | Identified the +8 dagger of Starshine {antimagic, *Rage
                  | Dex+5} (Trog gifted it to you in the Dungeon)
  1810 | D        | Received a gift from Trog
  1818 | D        | Bought 2 potions of resistance for 260 gold pieces
  1818 | D        | Bought 2 potions of curing for 78 gold pieces
  1818 | D        | Bought a potion of heal wounds for 65 gold pieces
  1818 | D        | Bought a potion of might for 52 gold pieces
  1822 | D        | Bought a potion of heal wounds for 55 gold pieces
  1826 | D        | Bought 2 scrolls of silence for 190 gold pieces
  1872 | D        | Noticed a black draconian knight
  1879 | D        | Noticed the 27-headed Lernaean hydra
  1901 | D        | Received a gift from Trog
  1932 | D        | Killed a black draconian knight
  1941 | D        | Reached skill level 5 in Dodging
  1953 | D        | HP: 12/297 [the 24-headed Lernaean hydra (10)]
  1953 | D        | Slain by the 24-headed Lernaean hydra

Illustrated notes

Levels and vault maps discovered:
D:        the_violet_keep_of_menkaure [sprint2_stairs_cluster_1,
          sprint2_shoproom, sprint2_temple, sprint2_basic_supplies,
          sprint2_obstacle_7, sprint2_obstacle_2, sprint2_obstacle_1,
          sprint2_obstacle_3, sprint2_obstacle_6, sprint2_timed_cluster_1,
          sprint2_smallroom_cluster_1, sprint2_smallroom_final_cluster_1,
          sprint2_transparent_cluster_1, sprint2_second_timed_cluster_1,
          sprint2_sniper_area_1, sprint2_heavy_combat_area_1,
          sprint2_mutation_trap_area_1, sprint2_forest_area_1,
          sprint2_light_combat_area_1, sprint2_behind_water_1,
          sprint2_near_end_vault_1]

Skill      XL: |  1  2  3  4  5  6  7  8  9 10 11 12 13 14 15 |
---------------+----------------------------------------------+-----
Fighting       | 6 7 9 11 13 14 15 17 22 23 24 | 24.5
Unarmed Combat | 7 9 12 14 15 18 20 24 27 | 27.0
Dodging        | 5 |  5.1

Action                   |  1- 3 |  4- 6 |  7- 9 | 10-12 | 13-15 || total
-------------------------+-------+-------+-------+-------+-------++-------
Melee: Unarmed           |     6 |    10 |    47 |   124 |   167 ||   354
       Punch             |       |       |     6 |    16 |    33 ||    55
       Scimitar          |       |       |       |       |     4 ||     4
Invok: Berserk           |     1 |       |     3 |     7 |     3 ||    14
       Trog's Hand       |       |       |     2 |     7 |     7 ||    16
       Brothers in Arms  |       |       |       |     5 |     2 ||     7
  Use: Potion            |       |     1 |     1 |    14 |     8 ||    24
       Scroll            |       |       |     7 |     2 |    11 ||    20
 Stab: Sleeping          |       |       |       |       |     5 ||     5
Armor: Animal skin       |       |       |     1 |       |       ||     1
       Robe              |       |       |     5 |       |       ||     5
       Troll leather arm |       |       |     1 |    38 |    75 ||   114
Dodge: Dodged            |     1 |     3 |    17 |    29 |    60 ||   110

Table legend: (Time is in decaauts)
 A = Elapsed time spent in this place.
 B = Non-inter-level travel time spent in this place.
 C = Inter-level travel time spent in this place.
 D = Time resting spent in this place.
 E = Time spent auto-exploring this place.
 F = Levels seen in this place.
 G = Mean time per level.
                   A        B        C        D        E       F      G
               +--------+--------+--------+--------+--------+-----+--------+
         Total |   2005 |   1959 |     46 |    151 |    103 |   1 | 2005.0 |
       Dungeon |   2005 |   1959 |     46 |    151 |    103 |   1 | 2005.0 |
               +--------+--------+--------+--------+--------+-----+--------+

Top non-repeatable levels by time:
       D: 2005 daAuts
